 Dungeon Crawl Stone Soup version 0.19-a0-607-g42021f0 (webtiles) character file.

299 Stormphoenix the Basher (level 6, -2/62 HPs)
             Began as an Ogre Chaos Knight on June 12, 2016.
             Slain by a hound (4 damage)
             ... on level 4 of the Dungeon.
             The game lasted 00:06:49 (2841 turns).

Stormphoenix the Basher (Ogre Chaos Knight)         Turns: 2841, Time: 00:06:50

Health: -2/62      AC:  6    Str: 20    XL:     6   Next: 36%
Magic:  6/6        EV: 10    Int: 11    God:    Xom [......]
Gold:   126        SH:  0    Dex:  9    Spells: 0 memorised, 5 levels left

rFire  . . .     SeeInvis .     l - -3 giant club (curse)
rCold  . . .     Gourm    .     b - +2 robe
rNeg   . . .     Faith    .     (shield currently unavailable)
rPois  .         Spirit   .     (helmet restricted)
rElec  .         Dismiss  .     (no cloak)
rCorr  .         Reflect  .     (gloves unavailable)
SustAt +         Harm     .     (boots unavailable)
MR     +....                    (no amulet)
Stlth  +.........               (no ring)
                                g - ring of sustain attributes

@: somewhat resistant to hostile enchantments, very unstealthy
A: unfitting armour, talons 1, magic resistance 1, shaggy fur 1, tough skin 1
a: Renounce Religion


You were on level 4 of the Dungeon.
You worshipped Xom.
You were a very special plaything of Xom.
You were very hungry.

You visited 1 branch of the dungeon, and saw 4 of its levels.

You collected 126 gold pieces.

Inventory:

Hand Weapons
 a - a +0 mace of chaos
 l - a cursed -3 giant club (weapon)
Armour
 b - a +2 robe (worn)
Jewellery
 g - a ring of sustain attributes (left hand)
Scrolls
 h - a scroll of identify
 j - 2 scrolls of magic mapping
Potions
 d - a potion of berserk rage
 k - a potion of flight
Comestibles
 c - 4 bread rations
 f - 2 fruits


   Skills:
 - Level 4.0 Fighting
 + Level 9.1 Maces & Flails
 - Level 2.1 Dodging


You had 5 spell levels left.
You didn't know any spells.

Dungeon Overview and Level Annotations

Branches:
Dungeon (4/15)
 Temple: D:4-7

Altars:
Cheibriados
Yredelemnul


Innate Abilities, Weirdness & Mutations

You are too large for most types of armour.
You have tough skin. (AC +1)
You have sharp toenails.
You are resistant to hostile enchantments. (MR+)
You are covered in fur. (AC +1)


Message History

The hound bites you.
* * * LOW HITPOINT WARNING * * *
You closely miss the hound. The hound misses you.
You closely miss the hound. You claw the hound, but do no damage.
The hound barely misses you.
The phantom blinks!
The hound bites you but does no damage. The hound skeleton bites you.
* * * LOW HITPOINT WARNING * * *
You bludgeon the hound skeleton!!
You destroy the hound skeleton!
The hound barely misses you. The hound bites you.
* * * LOW HITPOINT WARNING * * *
The phantom blinks!
You barely miss the hound. Your kick misses the hound.
The hound bites you but does no damage.
You barely miss the hound. The hound barely misses you. The hound bites you.
* * * LOW HITPOINT WARNING * * *
You closely miss the hound. You claw the hound, but do no damage.
The hound bites you.
You die...
Xom bursts into laughter!

#.......§............
....................#
##.....#'#######...$#
.......#.#.....#'#..+
..<....#.#..........#
......##.'..........#
#.....####..........# #.....#
#.....†hW..# #.....#
#.....#@####
#.^...##########.####
#####.##............#
#.##............#
#.##............#
#####.##............#
#............_......# .
+................######### .#
#...........##...........##.###.


You could see a phantom and a hound.

Vanquished Creatures
  An ogre (D:4)
  A scorpion (D:4)
  A howler monkey (D:4)
  A hound skeleton (D:4)
  3 adders (D:2)
  An ooze (D:2)
  A worm (D:2)
  4 dart slugs
  A giant gecko (D:3)
  An orc (D:3)
  3 ball pythons
  6 giant cockroaches
  5 goblins
  8 hobgoblins
  4 jackals (D:1)
  A quokka (D:3)
  8 bats
  7 giant newts
  5 kobolds
  7 rats
69 creatures vanquished.

Vanquished Creatures (others)
  An adder (D:4)
1 creature vanquished.

Grand Total: 70 creatures vanquished

Notes
Turn   | Place    | Note
--------------------------------------------------------------
     0 | D:1      | Stormphoenix the Ogre Chaos Knight began the quest for the Orb.
     0 | D:1      | Reached XP level 1. HP: 24/24 MP: 1/1
    10 | D:1      | XOM: potion effect (invisibility)
    80 | D:1      | XOM: silly message
   131 | D:1      | Reached XP level 2. HP: 32/32 MP: 2/2
   196 | D:1      | Reached skill level 5 in Maces & Flails
   355 | D:1      | Reached XP level 3. HP: 31/39 MP: 3/3
   816 | D:2      | Reached skill level 6 in Maces & Flails
  1005 | D:2      | XOM: noise
  1164 | D:2      | Reached XP level 4. HP: 47/48 MP: 4/4
  1432 | D:2      | Found a basalt altar of Yredelemnul.
  1508 | D:2      | XOM: medium Divn miscast
  2036 | D:3      | Found a faded altar of an unknown god.
  2041 | D:3      | XOM: noise
  2043 | D:3      | Reached skill level 7 in Maces & Flails
  2158 | D:3      | XOM: give mutations
  2158 | D:3      | Gained mutation: You are resistant to hostile enchantments. (MR+) [Xom's mischief]
  2158 | D:3      | Gained mutation: You have sharp toenails. [Xom's mischief]
  2487 | D:4      | Reached XP level 5. HP: 48/54 MP: 5/5
  2506 | D:4      | Noticed a phantom
  2511 | D:4      | XOM: cast spell 'Death Channel'
  2748 | D:4      | Found a snail-covered altar of Cheibriados.
  2758 | D:4      | XOM: confuse monster(s)
  2784 | D:4      | Noticed an ogre
  2791 | D:4      | XOM: butterfly on damage
  2792 | D:4      | Killed an ogre
  2792 | D:4      | Reached skill level 8 in Maces & Flails
  2792 | D:4      | Reached XP level 6. HP: 44/62 MP: 6/6
  2821 | D:4      | XOM: confusion
  2822 | D:4      | XOM: swap monsters
  2830 | D:4      | XOM: harmless Divn miscast
  2833 | D:4      | Gained mutation: You are covered in fur. (AC +1) [potion of beneficial mutation]
  2834 | D:4      | Reached skill level 9 in Maces & Flails
  2840 | D:4      | HP: 2/62 [hound (4)]
  2841 | D:4      | Slain by a hound

Vault maps used:
D:1:      enne_arrival_octagon_isle, hangedman_decor_riveting
D:2:      lemuel_crystal_altar, first_bread, grunt_ministairs_1
D:3:      ecumenical_altar_2
D:4:      cheibriados_altar_1, nicolae_overflow_hidden_temple,
          guppyfry_shop_venom, uniq_sigmund

Skill      XL: |  1  2  3  4  5  6 |
---------------+-------------------+-----
Maces & Flails | 5 6 7 8 9 |  9.1
Fighting       | |  4.0
Dodging        | |  2.1

Action                   |  1- 3 |  4- 6 || total
-------------------------+-------+-------++-------
Melee: Mace              |   111 |   132 ||   243
       Kick              |       |    10 ||    10
       Giant club        |       |    17 ||    17
  Use: Potion            |     2 |     1 ||     3
       Scroll            |     1 |     2 ||     3
 Stab: Sleeping          |     2 |     1 ||     3
       Invisible         |     2 |       ||     2
       Petrifying        |     1 |       ||     1
       Paralysed         |       |     1 ||     1
  Eat: Chunk             |     1 |     4 ||     5
       Fruit             |       |     1 ||     1
Armor: Robe              |    58 |    79 ||   137
Dodge: Dodged            |    79 |    99 ||   178
